 Dungeon Crawl Stone Soup version 0.23.1-37-gaa34b87 (webtiles) character file.

Game seed: 2529111052593263869

60585 vishdafish the Brawler (level 15, -8/104 HPs)
             Began as an Octopode Fighter on Mar 22, 2019.
             Was the Champion of Cheibriados.
             Mangled by a very large slime creature (58 damage)
             ... on level 13 of the Dungeon.
             The game lasted 00:34:38 (20860 turns).

vishdafish the Brawler (Octopode Fighter)          Turns: 20860, Time: 00:34:40

Health: -8/104     AC:  4    Str: 31    XL:     15   Next: 0%
Magic:  15/20      EV: 21    Int: 43    God:    Cheibriados [******]
Gold:   1330       SH: 20    Dex: 32    Spells: 17/22 levels left

rFire    . . .     SeeInvis .     - Unarmed
rCold    . . .     Gourm    .   a - +0 shield
rNeg     . . .     Faith    .   (helmet restricted)
rPois    .         Spirit   .   T - +6 amulet of reflection
rElec    .         Reflect  +   k - +2 ring of evasion
rCorr    .         Harm     .   o - ring of protection from magic
MR       ++...                  u - ring of wizardry
Stlth    +++.......             C - +5 ring of dexterity
HPRegen  0.27/turn              M - +3 ring of evasion
MPRegen  0.17/turn              O - +5 ring of intelligence
                                A - ring "Osijug" {AC+3 Int+7}
                                (no ring)

@: very slow
A: almost no armour, stealthy swim, amphibious, 8 rings, constrict 8, repulsion
field 1, camouflage 1, low mp 1, gelatinous body 1, MP-powered wands
a: Bend Time, Temporal Distortion, Slouch, Step From Time, Renounce Religion


You were on level 13 of the Dungeon.
You worshipped Cheibriados.
Cheibriados was exalted by your worship.
You were hungry.

You visited 3 branches of the dungeon, and saw 21 of its levels.

You collected 1995 gold pieces.
You spent 665 gold pieces at shops.

Inventory:

Missiles
 g - 2 javelins (quivered)
 P - 32 tomahawks
 S - a throwing net
Armour
 a - a +0 shield (worn)
Jewellery
 k - a +2 ring of evasion (left tentacle)
 o - a ring of protection from magic (right tentacle)
 u - a ring of wizardry (on tentacle)
 A - the ring "Osijug" (on tentacle) {AC+3 Int+7}
   (You acquired it on level 5 of the Lair of Beasts)

   [ring of protection]

   It affects your AC (+3).
   It affects your intelligence (+7).
 C - a +5 ring of dexterity (on tentacle)
 F - an uncursed ring of fire
 G - an uncursed amulet of magic regeneration
 M - a +3 ring of evasion (on tentacle)
 O - a +5 ring of intelligence (on tentacle)
 T - a +6 amulet of reflection (around mantle)
Wands
 m - a wand of digging (7)
 y - a wand of clouds (1)
 z - a wand of acid (1)
 H - a wand of paralysis (2)
 K - a wand of disintegration (1)
 R - a wand of enslavement (8)
 X - a wand of polymorph (18)
Scrolls
 f - 13 scrolls of remove curse
 i - 3 scrolls of enchant weapon
 j - 12 scrolls of teleportation
 n - a scroll of silence
 p - 3 scrolls of random uselessness
 q - 2 scrolls of amnesia
 s - 2 scrolls of immolation
 x - 3 scrolls of vulnerability
 D - 2 scrolls of holy word
 E - 2 scrolls of magic mapping
 J - a scroll of fear
 L - 5 scrolls of identify
 N - a scroll of enchant armour
 V - a scroll of noise {unknown}
Potions
 b - 3 potions of might
 d - 3 potions of agility
 e - 11 potions of curing
 h - 2 potions of cancellation
 l - 2 potions of heal wounds
 r - 2 potions of resistance
 t - 3 potions of flight
 v - 4 potions of haste
 w - 3 potions of brilliance
 B - 2 potions of invisibility
 I - a potion of lignification
 Q - 2 potions of berserk rage {unknown}
Miscellaneous
 U - a lightning rod (4/4)
 W - a lamp of fire (inert)
Comestibles
 c - 32 rations


   Skills:
 + Level 10.3 Fighting
 - Level 6.3 Throwing
 - Level 3.0 Dodging
 - Level 6.7 Shields
 * Level 15.4 Unarmed Combat
 - Level 4.1 Spellcasting
 - Level 9.0 Poison Magic
 - Level 10.8 Invocations
 - Level 10.0 Evocations


You had 17 spell levels left.
You knew the following spells:

 Your Spells              Type           Power        Failure   Level  Hunger
a - Olgreb's Toxic Radia  Pois           ######..     1%          4    ###....
b - Confusing Touch       Hex            #.....       3%          1    None

Your spell library contained the following spells:

 Spells                   Type           Power        Failure   Level  Hunger
 Sting                    Conj/Pois      ####         1%          1    None
 Poisonous Vapours        Pois/Air       #####.       1%          2    None
 Mephitic Cloud           Conj/Pois/Air  ####....     2%          3    None
 Animate Skeleton         Necr           N/A          3%          1    None
 Apportation              Tloc           #.....       3%          1    None
 Corona                   Hex            #......      3%          1    None
 Magic Dart               Conj           #...         3%          1    None
 Pain                     Necr           #...         3%          1    None
 Sandblast                Erth           #.....       3%          1    None
 Shock                    Conj/Air       #...         3%          1    None
 Summon Small Mammal      Summ           #...         3%          1    None
 Corpse Rot               Necr           N/A          4%          2    None
 Ensorcelled Hibernation  Hex/Ice        #.....       4%          2    None
 Passwall                 Tmut/Erth      #.......     4%          2    None
 Searing Ray              Conj           #.....       4%          2    None
 Swiftness                Chrm/Air       #.......     4%          2    None
 Confuse                  Hex            #.......     9%          3    None
 Dazzling Spray           Conj/Hex       #.....       9%          3    None
 Regeneration             Chrm/Necr      #.........   9%          3    None
 Static Discharge         Conj/Air       #.......     9%          3    None
 Stone Arrow              Conj/Erth      #.....       9%          3    None
 Tukima's Dance           Hex            #.......     9%          3    None
 Vampiric Draining        Necr           #.........   9%          3    None
 Venom Bolt               Conj/Pois      #####.....   13%         5    #####..
 Airstrike                Air            #.........   28%         4    ###....
 Animate Dead             Necr           N/A          28%         4    ###....
 Force Lance              Conj/Tloc      #.......     28%         4    ###....
 Fulminant Prism          Conj/Hex       #.........   28%         4    ###....
 Iskenderun's Mystic Bla  Conj           #.......     28%         4    ###....
 Leda's Liquefaction      Hex/Erth       #.........   28%         4    ###....
 Petrify                  Tmut/Erth      #.......     28%         4    ###....
 Lee's Rapid Deconstruct  Erth           #.........   61%         5    #####..
 Lightning Bolt           Conj/Air       #.........   61%         5    #####..
 Summon Forest            Summ/Tloc      #.........   61%         5    #####..
 Hydra Form               Tmut           #.........   98%         6    ######.
 Summon Hydra             Summ           #.........   100%        7    #######


Dungeon Overview and Level Annotations

Branches:
Dungeon (13/15)            Temple (0/1) D:5            Lair (6/6) D:8
 Shoals (0/4) Lair:3       Spider (0/4) Lair:2        Slime (0/5) Lair:6
    Orc (2/2) D:9             Elf (0/3) Orc:2
 Vaults: D:13-14

Altars:
Ashenzari
Cheibriados
Fedhas
Kikubaaqudgha
Makhleb
Nemelex Xobeh
Okawaru
Wu Jian
Xom
Yredelemnul
Zin
The Shining One
Beogh

Shops:
D:7 (   D:9 [   Orc:2 %(*%

Annotations:
D:2 1 runed translucent door, Crazy Yiuf
Lair:3 exclusion: oklob plant


Innate Abilities, Weirdness & Mutations

You cannot wear most types of armour.
You are very stealthy in the water. (Stealth+)
You are amphibious.
You can wear up to eight rings at the same time.
You can use your tentacles to constrict eight enemies at once.
Your skin changes colour to match your surroundings (Stealth+).
Your rubbery body absorbs attacks. (AC +1, EV +1)
You are surrounded by a mild repulsion field. (EV +2)
Your magical capacity is low. (-10% MP)
You expend magic power (3 MP) to strengthen your wands.


Message History

You bludgeon the slime creature! You squeeze the slime creature.
The slime creature is almost dead.
You block the very large slime creature's attack.
The deep elf mage is engulfed in blazing flames.
You kill the deep elf mage!
Cheibriados appreciates the change of pace.
The slime creature hits you!
You can feel time thicken for a moment.
You kill the slime creature!
Cheibriados appreciates the change of pace. x2
Reactivating autopickup.
You have reached level 15!
Your experience leads to an increase in your attributes!
Your base attributes are Str 16, Int 14, Dex 12.
Increase (S)trength, (I)ntelligence, or (D)exterity?
You feel clever. x2
You feel a bit more experienced.
You feel somewhat more hungry.
The very large slime creature hits you!!!
Ouch! That really hurt!
You die...

#...... #........
##...§....### ....§
...... ..§. .... #.§#
#..# #J§# #..# #.@# #..#
#####..####..##########
........................
........................
.########..######..#####
#..# #).# #..# #..# #..#
#..# #..# #..#


You could see a very large slime creature.

Vanquished Creatures
  An orc warlord (Orc:2)
  Nessos (Lair:6)
  6 hydras
  A catoblepas (Lair:1)
  9 two-headed ogres
  4 orc high priests (Orc:2)
  Nergalle (D:10)
  Pikel (D:5)
  A wolf spider (Lair:2)
  A deep elf mage (D:13)
  6 orc knights
  A cyclops (D:12)
  8 orc sorcerers
  An ugly thing (D:12)
  A manticore (D:12)
  2 centaur zombies
  Joseph (D:8)
  5 black mambas
  6 spiny frogs
  7 komodo dragons
  2 rime drakes
  5 trolls
  A jumping spider (Lair:2)
  3 hornets
  Prince Ribbit (D:6)
  4 hippogriffs
  2 slime creatures (D:13)
  7 blink frogs (Lair:1)
  7 dream sheep (Lair:6)
  A vampire (D:13)
  2 redbacks
  A spriggan (Lair:1)
  A shadow (D:9)
  4 wraiths (D:11)
  4 hogs (D:7)
  A human (D:7)
  A wyvern (Lair:4)
  40 yaks
  4 hungry ghosts
  A steam dragon (D:11)
  2 wargs (Orc:1)
  8 vampire mosquitoes
  An insubstantial wisp (D:10)
  A soldier ant (D:11)
  13 water moccasins
  6 porcupines
  Duvessa (D:6)
  41 orc warriors
  A swamp drake (D:10)
  5 ice beasts
  2 sky beasts
  4 black bears
  A necrophage (D:8)
  4 centaurs
  15 ogres
  5 wolves (Lair:2)
  11 crocodiles
  Blork the orc (D:5)
  2 big kobolds
  15 bullfrogs
  Dowan (D:6)
  A water moccasin skeleton (D:7)
  10 killer bees
  2 electric eels
  3 wights (D:12)
  6 howler monkeys
  A bullfrog zombie (D:9)
  2 crimson imps
  A quasit (D:9)
  3 jellies
  7 hounds
  26 orc wizards
  A centaur skeleton (D:5)
  32 orc priests
  A gnoll shaman (Orc:2)
  4 iguanas
  8 worker ants
  A killer bee zombie (D:10)
  A hound skeleton (D:5)
  A worker ant zombie (D:11)
  A gnoll (D:1)
  9 adders
  4 shadow imps
  An ooze (D:3)
  An adder skeleton (D:4)
  2 adder zombies (D:7)
  4 worms
  A dart slug (D:3)
  7 leopard geckos
  124 orcs
  3 bat zombies (D:3)
  6 giant cockroaches
  7 goblins
  5 hobgoblins
  12 jackals
  14 kobolds
  5 quokkas
  A ball python (D:1)
  9 bats
  6 frilled lizards
  2 jackal skeletons
  4 rats
  2 rat zombies (D:3)
  A spectral orc (D:4)
  A fungus (Lair:4)
  A plant (Lair:1)
640 creatures vanquished.

Vanquished Creatures (others)
  An adder (D:5)
  A fungus (Lair:1)
  A plant (Lair:6)
3 creatures vanquished.

Grand Total: 643 creatures vanquished

Notes
Turn   | Place    | Note
-------+----------+-------------------------------------------
     0 | D:1      | vishdafish the Octopode Fighter began the quest for the
                  | Orb.
     0 | D:1      | Reached XP level 1. HP: 16/16 MP: 1/1
   151 | D:1      | Reached XP level 2. HP: 17/21 MP: 2/2
   480 | D:1      | Reached skill level 3 in Unarmed Combat
   480 | D:1      | Reached XP level 3. HP: 20/26 MP: 3/3
  1242 | D:2      | Reached XP level 4. HP: 31/31 MP: 4/4
  1314 | D:2      | Found a runed translucent door.
  1315 | D:2      | Noticed Crazy Yiuf
  1736 | D:3      | Reached skill level 4 in Unarmed Combat
  1736 | D:3      | Reached XP level 5. HP: 20/36 MP: 5/5
  2025 | D:3      | Found a snail-covered altar of Cheibriados.
  2063 | D:3      | Became a worshipper of Cheibriados the Contemplative
  2257 | D:3      | Found an ancient bone altar of Kikubaaqudgha.
  2999 | D:4      | Reached * piety under Cheibriados
  3006 | D:4      | Found a basalt altar of Yredelemnul.
  3226 | D:4      | Reached skill level 5 in Unarmed Combat
  3226 | D:4      | Reached XP level 6. HP: 42/42 MP: 6/6
  3302 | D:5      | Entered Level 5 of the Dungeon
  3373 | D:5      | Found a shimmering altar of Xom.
  3375 | D:5      | Found an iron altar of Okawaru.
  3375 | D:5      | Found a shimmering altar of Xom.
  3377 | D:5      | Found a glowing golden altar of the Shining One.
  3377 | D:5      | Found an ancient bone altar of Kikubaaqudgha.
  3377 | D:5      | Found a bloodstained altar of Trog.
  3440 | D:5      | Found a glowing silver altar of Zin.
  3509 | D:5      | Noticed an ice beast
  3527 | D:5      | Noticed Pikel
  3529 | D:5      | Noticed a slave
  3530 | D:5      | Noticed a slave
  3531 | D:5      | Noticed a slave
  3532 | D:5      | Noticed a slave
  3533 | D:5      | Killed an ice beast
  3533 | D:5      | Reached skill level 5 in Shields
  3533 | D:5      | Reached skill level 6 in Unarmed Combat
  3533 | D:5      | Reached XP level 7. HP: 27/46 MP: 7/7
  3538 | D:5      | Killed Pikel
  3538 | D:5      | Reached skill level 7 in Unarmed Combat
  3538 | D:5      | Reached XP level 8. HP: 18/52 MP: 8/8
  3564 | D:5      | Found a staircase to the Ecumenical Temple.
  3796 | D:5      | Noticed Blork the orc
  3803 | D:5      | Killed Blork the orc
  3807 | D:5      | Reached skill level 8 in Unarmed Combat
  3934 | D:5      | Reached ** piety under Cheibriados
  4146 | D:6      | Reached skill level 1 in Invocations
  4291 | D:6      | Noticed Duvessa
  4297 | D:6      | Noticed Dowan
  4300 | D:6      | Noticed Prince Ribbit
  4304 | D:6      | Killed Duvessa
  4309 | D:6      | Reached skill level 5 in Invocations
  4567 | D:6      | Reached XP level 9. HP: 50/56 MP: 13/13
  4623 | D:6      | Killed Dowan
  4665 | D:6      | Killed Prince Ribbit
  5432 | D:7      | Found a burning altar of Makhleb.
  5624 | D:7      | Found a glowing golden altar of the Shining One.
  5645 | D:7      | Found Loffaewi's Antique Weapon Shop.
  5780 | D:7      | Reached *** piety under Cheibriados
  6147 | D:7      | Reached skill level 10 in Invocations
  6153 | D:7      | Reached XP level 10. HP: 46/63 MP: 16/18
  6419 | D:8      | Reached skill level 1 in Throwing
  6536 | D:8      | Found an ornate altar of the Wu Jian Council.
  6536 | D:8      | Found a shattered altar of Ashenzari.
  6537 | D:8      | Found a sparkling altar of Nemelex Xobeh.
  6549 | D:8      | Found an iron altar of Okawaru.
  6607 | D:8      | Reached **** piety under Cheibriados
  6683 | D:8      | Noticed Joseph
  6695 | D:8      | Killed Joseph
  6695 | D:8      | Reached skill level 5 in Throwing
  6980 | D:8      | Found a staircase to the Lair.
  7507 | D:9      | Found a blossoming altar of Fedhas.
  7526 | D:9      | Reached skill level 1 in Evocations
  7750 | D:9      | Reached ***** piety under Cheibriados
  8078 | D:9      | Found Kymu's Antique Armour Shop.
  8104 | D:9      | Reached skill level 5 in Evocations
  8104 | D:9      | Reached XP level 11. HP: 67/67 MP: 19/19
  8306 | D:9      | Found a staircase to the Orcish Mines.
  8526 | D:9      | Gained mutation: You are surrounded by a mild repulsion
                  | field. (EV +2) [potion of mutation]
  8526 | D:9      | Gained mutation: Your magical capacity is low. (-10% MP)
                  | [potion of mutation]
  8526 | D:9      | Gained mutation: You expend magic power (3 MP) to
                  | strengthen your wands. [potion of mutation]
  8577 | Lair:1   | Entered Level 1 of the Lair of Beasts
  8684 | Lair:1   | Noticed an eight-headed hydra
  8688 | Lair:1   | Killed an eight-headed hydra
  9110 | Lair:1   | Reached skill level 10 in Evocations
  9116 | Lair:1   | Learned a level 4 spell: Olgreb's Toxic Radiance
  9116 | Lair:1   | Noticed a catoblepas
  9146 | Lair:1   | Reached skill level 1 in Poison Magic
  9149 | Lair:1   | Killed a catoblepas
 10050 | Lair:2   | Noticed a wolf spider
 10202 | Lair:1   | Reached XP level 12. HP: 69/72 MP: 16/18
 10291 | Lair:2   | Reached skill level 5 in Poison Magic
 11240 | Lair:2   | Found a hole to the Spider Nest.
 11492 | Lair:3   | Reached ****** piety under Cheibriados
 11693 | Lair:3   | Found a staircase to the Shoals.
 12661 | Lair:4   | Noticed an eight-headed hydra
 12667 | Lair:4   | Killed an eight-headed hydra
 12847 | Lair:4   | Reached skill level 9 in Unarmed Combat
 13968 | Lair:5   | Identified a scroll of acquirement
 13972 | Lair:5   | Got a crude amber ring
 13973 | Lair:5   | Identified the ring "Osijug" {AC+3 Int+7} (You acquired it
                  | on level 5 of the Lair of Beasts)
 14147 | Lair:5   | Reached skill level 10 in Unarmed Combat
 14359 | Lair:6   | Entered Level 6 of the Lair of Beasts
 14368 | Lair:6   | Noticed a six-headed hydra
 14372 | Lair:6   | Killed a six-headed hydra
 14372 | Lair:6   | Reached skill level 5 in Fighting
 14403 | Lair:6   | Reached XP level 13. HP: 59/81 MP: 18/18
 14630 | Lair:6   | Noticed Nessos
 14634 | Lair:6   | Killed Nessos
 14634 | Lair:6   | Reached skill level 11 in Unarmed Combat
 14754 | Lair:6   | Learned a level 1 spell: Confusing Touch
 14905 | Lair:6   | Found a staircase to the Slime Pits.
 15604 | D:10     | Entered Level 10 of the Dungeon
 15850 | D:10     | Noticed Nergalle
 15874 | D:10     | Killed Nergalle
 15874 | D:10     | Reached skill level 12 in Unarmed Combat
 16571 | Orc:1    | Entered Level 1 of the Orcish Mines
 17100 | Orc:2    | Entered Level 2 of the Orcish Mines
 17772 | Orc:1    | Reached skill level 13 in Unarmed Combat
 18349 | Orc:2    | Found Xunoush's Antique Weapon Emporium.
 18357 | Orc:2    | Reached XP level 14. HP: 53/94 MP: 16/19
 18553 | Orc:2    | Found a roughly hewn altar of Beogh.
 18553 | Orc:2    | Noticed an orc warlord
 18561 | Orc:2    | Killed an orc warlord
 18584 | Orc:2    | Found Vosch's Food Boutique.
 18864 | Orc:2    | Found a roughly hewn altar of Beogh.
 18890 | Orc:2    | Reached skill level 14 in Unarmed Combat
 19038 | Orc:2    | Found Cuptid's Food Boutique.
 19059 | Orc:2    | Found Aguugg's General Store.
 19068 | Orc:2    | Bought a potion of agility for 56 gold pieces
 19068 | Orc:2    | Bought a lamp of fire for 560 gold pieces
 19068 | Orc:2    | Bought a scroll of magic mapping for 49 gold pieces
 19365 | Orc:2    | Found a staircase to the Elven Halls.
 19599 | D:11     | Found the +5 scythe "Finisher" {speed, eviscerate}
 20326 | D:12     | Reached skill level 10 in Fighting
 20326 | D:12     | Reached skill level 15 in Unarmed Combat
 20860 | D:13     | Reached XP level 15. HP: 49/104 MP: 20/20
 20860 | D:13     | Mangled by a very large slime creature

Skill      XL: |  1  2  3  4  5  6  7  8  9 10 11 12 13 14 |
---------------+-------------------------------------------+-----
Unarmed Combat | 3 4 5 6 7 8 10 13 15 | 15.4
Shields        | 4 5 6 |  6.7
Invocations    | 5 10 | 10.8
Throwing       | 6 |  6.3
Evocations     | 5 10 | 10.0
Poison Magic   | 4 9 |  9.0
Spellcasting   | 3 4 |  4.1
Fighting       | 5 8 10 | 10.3
Dodging        | |  3.0

Action                   |  1- 3 |  4- 6 |  7- 9 | 10-12 | 13-15 || total
-------------------------+-------+-------+-------+-------+-------++-------
Melee: Unarmed           |    78 |   118 |   140 |   379 |   586 ||  1301
       Constrict         |    22 |    32 |    32 |    65 |   114 ||   265
       Tentacles         |    18 |    23 |    49 |   161 |   228 ||   479
       Punch             |     1 |     8 |    10 |    55 |   112 ||   186
Throw: Javelin           |       |     7 |     6 |    43 |    13 ||    69
       Tomahawk          |       |       |       |       |     6 ||     6
 Cast: Olgreb's Toxic Ra |       |       |       |     4 |       ||     4
Invok: Bend Time         |       |       |     2 |       |       ||     2
       Temporal Distorti |       |       |       |     1 |       ||     1
       Slouch            |       |       |       |     1 |     8 ||     9
Evoke: Wand              |       |       |     2 |    16 |    22 ||    40
       Lightning rod     |       |       |       |       |     5 ||     5
       Lamp of fire      |       |       |       |       |     2 ||     2
  Use: Scroll            |       |     8 |     1 |    19 |       ||    28
       Potion            |       |     1 |       |     4 |     3 ||     8
 Stab: Sleeping          |     6 |    12 |     5 |    14 |    24 ||    61
       Distracted        |       |     1 |     1 |     1 |     2 ||     5
       Confused          |       |       |       |     1 |       ||     1
       Paralysed         |       |       |       |     6 |     8 ||    14
  Eat: Chunk             |       |     4 |     4 |     9 |     7 ||    24
       Ration            |       |     1 |       |     2 |     2 ||     5
Armor: Skin              |     6 |     3 |     3 |     7 |    19 ||    38
Dodge: Dodged            |    35 |    41 |    70 |   185 |   306 ||   637
Block: Shield            |    29 |    48 |    50 |   233 |   368 ||   728
       Reflection        |       |       |       |       |     3 ||     3
